 Dungeon Crawl Stone Soup version 0.18.1-6-gd335043 (webtiles) character file.

3308 akrivis the Grappler (level 9, -4/89 HPs)
             Began as a Troll Monk on May 15, 2016.
             Was a High Priest of Cheibriados.
             Slain by an orc warrior
             ... wielding a +2 flail of protection
              (9 damage)
             ... on level 8 of the Dungeon on May 16, 2016.
             The game lasted 01:21:40 (5893 turns).

akrivis the Grappler (Troll Monk)                   Turns: 5893, Time: 01:21:47

Health: -4/89      AC: 10    Str: 33    XL:     9   Next: 70%
Magic:  14/17      EV: 17    Int: 17    God:    Cheibriados [*****.]
Gold:   460        SH:  0    Dex: 25    Spells: 0 memorised, 8 levels left

rFire  . . .     SeeInvis .       - Unarmed
rCold  . . .     Gourm    +     H - +2 robe {rN+}
rNeg   + . .     Faith    .     (no shield)
rPois  .         Spirit   .     (helmet restricted)
rElec  .         Dismiss  .     z - +2 cloak
rCorr  .         Reflect  .     (gloves unavailable)
SustAt .         Harm     .     (boots unavailable)
MR     .....                    (no amulet)
Stlth  +++.......               (no ring)
                                Q - ring of magical power

@: very slow, not resistant to hostile enchantments, fairly stealthy
A: unfitting armour, claws 3, fast metabolism 3, gourmand, regeneration 2,
shaggy fur 1, tough skin 2
a: Bend Time, Temporal Distortion, Slouch, Step From Time, Renounce Religion


You were on level 8 of the Dungeon.
You worshipped Cheibriados.
Cheibriados was extremely pleased with you.
You were not hungry.

You visited 2 branches of the dungeon, and saw 9 of its levels.

You collected 460 gold pieces.

Inventory:

Hand Weapons
 b - a +1 hand axe of flaming
 A - a cursed -1 hand axe
 E - a +2 morningstar of protection
 F - a +2 whip of electrocution
 M - a cursed +2 dire flail
 N - a +2 halberd
 O - a +2 morningstar
Missiles
 j - 7 large rocks (quivered)
Armour
 a - a +0 robe
 f - a cursed +0 plate armour
 i - a +0 robe
 l - a +0 plate armour
 q - a +0 robe
 t - a +0 shield
 u - a +0 chain mail
 z - a +2 cloak (worn)
 B - a +0 robe
 C - a +0 pair of gloves
 G - a +0 animal skin
 H - a +2 robe of positive energy (worn)
 P - a +1 robe of cold resistance
 U - a +0 robe of positive energy
Jewellery
 Q - a ring of magical power (left claw)
Wands
 o - a wand of iceblast (13/15)
 p - a wand of random effects (17/48)
 x - a wand of iceblast (8/15)
Scrolls
 c - a scroll of random uselessness
 g - 2 scrolls of recharging
 h - 7 scrolls of remove curse
 k - a scroll of blinking
 w - 2 scrolls of noise
 R - a scroll of enchant armour
Potions
 d - 2 potions of heal wounds
 e - 2 potions of berserk rage
 m - a potion of mutation {unknown}
 n - 2 potions of brilliance
 r - 5 potions of curing
 s - a potion of cancellation {unknown}
 v - 2 potions of haste {unknown}
 D - a potion of ambrosia {unknown}
 I - a potion of flight {unknown}
 K - a potion of beneficial mutation {unknown}
 L - a potion of degeneration {unknown}
 S - a potion of cure mutation {unknown}
Books
 y - a book of Alchemy

   Spells                             Type                      Level
   a - Sublimation of Blood           Necromancy                   2
   b - Ignite Poison                  Fire/Transmutation/Poison    3
   c - Petrify                        Transmutation/Earth          4
   d - Alistair's Intoxication        Transmutation/Poison         5
   e - Irradiate                      Conjuration/Transmutation    5
 J - a Necronomicon

   Spells                             Type                      Level
   a - Haunt                          Necromancy/Summoning         7
   b - Borgnjor's Revivification      Necromancy                   8
   c - Death's Door                   Charms/Necromancy            8
   d - Necromutation                  Transmutation/Necromancy     8


   Skills:
 + Level 5.7 Fighting
 + Level 7.3 Dodging
 + Level 3.8 Stealth
 + Level 8.4 Unarmed Combat


You had 8 spell levels left.
You didn't know any spells.

Dungeon Overview and Level Annotations

Branches:
Dungeon (8/15)             Temple (1/1) D:4
   Lair: D:8-11

Altars:
Ashenzari
Cheibriados
Dithmenos
Elyvilon
Fedhas
Kikubaaqudgha
Makhleb
Nemelex Xobeh
Pakellas
Qazlal
Ru
Sif Muna
Trog
Vehumet
Xom
Yredelemnul
Zin
The Shining One


Innate Abilities, Weirdness & Mutations

You are too large for most types of armour.
You have claws for hands.
Your metabolism is lightning-fast.
You like to eat raw meat.
You heal very quickly.
You are covered in fur (AC +1).
You have very tough skin (AC +2).


Message History

The orc warrior closely misses you.
You barely miss the orc warrior.
The orc warrior is moderately wounded.
The orc hits you.
* * * LOW HITPOINT WARNING * * *
The orc warrior hits you from afar with a halberd!
* * * LOW HITPOINT WARNING * * *
Drink which item? (? for menu, Esc to quit)
You feel much better. The orc barely misses you. The orc warrior misses you.
The orc hits you but does no damage.
The orc warrior hits you with a flail of protection!
* * * LOW HITPOINT WARNING * * *
The flow of time bends around you.
The orc warrior resists with some effort.
You feel slightly more hungry.
The orc warrior hits you from afar with a halberd!
* * * LOW HITPOINT WARNING * * *
The orc hits you but does no damage.
The orc warrior hits you with a flail of protection!
You die...

## .# .## ###.!#
############....###.
#.........##$.......
#.........##@.?.#
#?......?.##o...#
#........()ooo..#
##.....?...##.....#
#.........###...#.#
#......<..# #.......
#.........#
####.#...
#........o# .# ..
#.........# .#


You could see 2 orc warriors and 2 orcs.

Vanquished Creatures
  Pikel (D:6)
  Grinder (D:4)
  2 orc warriors
  A hippogriff (D:8)
  Menkaure (D:4)
  Duvessa (D:4)
  A sky beast (D:5)
  A slave (D:6)
  3 ogres
  2 centaurs
  The ghost of Remliel the Cudgeler, an amateur GrBe of Trog (D:3)
  3 giant frogs
  A scorpion (D:7)
  Dowan (D:4)
  3 killer bees (D:4)
  5 wights (D:7)
  A howler monkey (D:4)
  A crimson imp (D:6)
  A centaur zombie (D:5)
  2 hounds
  A gnoll shaman (D:7)
  4 orc priests
  7 orc wizards
  3 worker ants
  A hound zombie (D:5)
  A hound skeleton (D:4)
  3 gnolls (D:7)
  6 adders
  A shadow imp (D:7)
  2 oozes
  2 worms
  6 giant geckos
  19 orcs
  3 ball pythons
  4 bats
  7 giant cockroaches
  5 goblins
  5 hobgoblins
  19 jackals
  7 quokkas
  5 giant newts
  11 kobolds
  11 rats
166 creatures vanquished.

Vanquished Creatures (others)
  2 slaves (D:6)
  A jelly (D:6)
  An orc priest (D:6)
  A quokka (D:6)
  A giant gecko skeleton (D:6)
  A giant newt (D:6)
7 creatures vanquished.

Grand Total: 173 creatures vanquished

Notes
Turn   | Place    | Note
--------------------------------------------------------------
     0 | D:1      | akrivis the Troll Monk began the quest for the Orb.
     0 | D:1      | Reached XP level 1. HP: 22/22 MP: 0/0
   208 | D:1      | Reached XP level 2. HP: 29/29 MP: 1/1
   696 | D:2      | Reached XP level 3. HP: 27/36 MP: 2/2
   849 | D:2      | Reached XP level 4. HP: 44/44 MP: 3/3
  1544 | D:3      | Noticed Remliel's ghost (amateur GrBe)
  1559 | D:3      | Killed Remliel's ghost
  1559 | D:3      | Reached skill level 5 in Unarmed Combat
  1559 | D:3      | Reached XP level 5. HP: 8/53 MP: 4/4
  1702 | D:3      | Found a shimmering altar of Xom.
  1703 | D:3      | Found a shimmering altar of Xom.
  1910 | D:4      | Noticed Grinder
  1916 | D:4      | Paralysed by Grinder for 7 turns
  1925 | D:4      | Killed Grinder
  1925 | D:4      | Reached XP level 6. HP: 20/61 MP: 5/5
  2043 | D:4      | Found a staircase to the Ecumenical Temple.
  2049 | Temple   | Entered the Ecumenical Temple
  2251 | Temple   | Became a worshipper of Cheibriados the Contemplative
  2251 | Temple   | Reached * piety under Cheibriados
  2251 | Temple   | Reached ** piety under Cheibriados
  2514 | D:4      | Found a burning altar of Makhleb.
  2570 | D:4      | Reached XP level 7. HP: 58/68 MP: 6/6
  2704 | D:4      | Noticed Duvessa
  2704 | D:4      | Noticed Dowan
  2715 | D:4      | Killed Dowan
  2715 | D:4      | Reached skill level 6 in Unarmed Combat
  2727 | D:4      | Reached skill level 5 in Dodging
  2740 | D:4      | Killed Duvessa
  2936 | D:4      | Noticed Menkaure
  2944 | D:4      | Killed Menkaure
  2944 | D:4      | Reached XP level 8. HP: 49/79 MP: 7/7
  3144 | D:5      | Entered Level 5 of the Dungeon
  3479 | D:5      | Reached *** piety under Cheibriados
  3731 | D:5      | Found a burning altar of Makhleb.
  4155 | D:6      | Reached skill level 7 in Unarmed Combat
  4175 | D:6      | Noticed Pikel
  4191 | D:6      | Killed Pikel
  4191 | D:6      | Reached skill level 5 in Fighting
  4272 | D:6      | Found a basalt altar of Yredelemnul.
  4388 | D:6      | Reached **** piety under Cheibriados
  4391 | D:6      | Reached XP level 9. HP: 78/88 MP: 8/8
  4502 | D:6      | Found a white marble altar of Elyvilon.
  4565 | D:6      | Found a blossoming altar of Fedhas.
  5148 | D:7      | Reached skill level 8 in Unarmed Combat
  5169 | D:7      | Found a shadowy altar of Dithmenos.
  5193 | D:7      | Found a sparkling altar of Nemelex Xobeh.
  5221 | D:7      | Found a glowing golden altar of the Shining One.
  5377 | D:7      | Found a bloodstained altar of Trog.
  5717 | D:7      | Reached ***** piety under Cheibriados
  5893 | D:8      | Slain by an orc warrior

Skill      XL: |  1  2  3  4  5  6  7  8  9 |
---------------+----------------------------+-----
Dodging        | 3 4 5 6 7 |  7.3
Fighting       | 3 4 5 |  5.7
Unarmed Combat | 5 6 7 8 |  8.4
Stealth        | 2 3 |  3.8

Action                   |  1- 3 |  4- 6 |  7- 9 || total
-------------------------+-------+-------+-------++-------
Melee: Unarmed           |    97 |   112 |   290 ||   499
       Punch             |     2 |     5 |    14 ||    21
Invok: Bend Time         |       |       |     1 ||     1
  Use: Scroll            |       |     9 |     6 ||    15
       Potion            |       |       |     4 ||     4
 Stab: Sleeping          |     2 |     1 |    10 ||    13
  Eat: Chunk             |     8 |       |     3 ||    11
       Meat ration       |       |     1 |     1 ||     2
       Bread ration      |       |     2 |     2 ||     4
       Beef jerky        |       |       |     1 ||     1
Armor: Robe              |    33 |    30 |    63 ||   126
Dodge: Dodged            |    46 |    53 |   229 ||   328
